 Dungeon Crawl Stone Soup version 0.27.0-1-g7a089689b8 (webtiles) character file.

Game seed: 10226847584466097337

422 mcsplat the Firebug (level 6, -8/44 HPs)
             Began as a Merfolk Wanderer on Aug 3, 2021.
             Was an Initiate of the Shining One.
             Mangled by an ogre (29 damage)
             ... on level 4 of the Dungeon.
             The game lasted 00:16:24 (4773 turns).

mcsplat the Firebug (Merfolk Wanderer)              Turns: 4773, Time: 00:16:25

Health: -8/44      AC:  6    Str: 13 (16) XL:     6   Next: 95%
Magic:  28/28      EV: 10    Int:  9 (11) God:    the Shining One [......]
Gold:   144        SH:  4    Dex: 12 (15) Spells: 10/11 levels left

rFire    . . .     SeeInvis .   q - +3 dagger (flame)
rCold    . . .     Faith    .   f - +0 buckler
rNeg     . . .     Spirit   .   o - +0 leather armour
rPois    .         Reflect  .   (no helmet)
rElec    .         Harm     .   (no cloak)
rCorr    .         Rampage  .   g - +2 pair of gloves {Str+3}
Will     .....                  (no boots)
Stlth    +.........             (no amulet)
HPRegen  0.14/turn              m - ring of magical power
MPRegen  0.21/turn              n - ring of magical power

@: glowing
A: (nimble swimmer 2), mertail
a: Renounce Religion


You were on level 4 of the Dungeon.
You worshipped the Shining One.
The Shining One was noncommittal.
You visited 1 branch of the dungeon, and saw 4 of its levels.

You collected 144 gold pieces.

Inventory:

Hand Weapons
 q - a +3 dagger of flaming (weapon)
Missiles
 h - 52 poisoned darts
Armour
 f - a +0 buckler (worn)
 g - a +2 pair of gloves of strength (worn)
 o - a +0 leather armour (worn)
Magical Staves
 d - a staff of poison
Jewellery
 a - a +6 ring of strength
 m - a ring of magical power (left hand)
 n - a ring of magical power (right hand)
Wands
 l - a wand of paralysis (21)
Potions
 c - 3 potions of curing
 e - 2 potions of magic


   Skills:
 - Level 2.1 Fighting
 - Level 1.1 Long Blades
 - Level 0.3 Armour
 - Level 1.1 Stealth
 + Level 2.3 Shields
 + Level 3.3 Spellcasting
 + Level 2.7 Conjurations
 + Level 4.0 Fire Magic
 - Level 1.0 Evocations


You had 10 spell levels left.
You knew the following spells:

 Your Spells              Type           Power      Damage    Failure   Level
a - Foxfire               Conj/Fire      28%        2x1d5     12%         1

Your spell library contained the following spells:

 Spells                   Type           Power      Damage    Failure   Level
 Shock                    Conj/Air       12%        1d3       26%         1
 Conjure Flame            Conj/Fire      7%         6-21      34%         3
 Inner Flame              Hex/Fire       5%         N/A       52%         3
 Passwall                 Tmut/Erth      0%         N/A       56%         2
 Wereblood                Tmut           1%         N/A       56%         2
 Sticky Flame             Conj/Fire      7%         2d3       75%         4
 Fireball                 Conj/Fire      3%         3d4       97%         5


Dungeon Overview and Level Annotations

Branches:
Dungeon (4/15)             Temple (0/1) D:4

Altars:
Elyvilon
Hepliaklqana
Nemelex Xobeh
Uskayaw
Zin
The Shining One

Shops:
D:3 *


Innate Abilities, Weirdness & Mutations

((You are quick and stealthy near water. (Stealth+, EV+, Speed+++)))
Your lower body shifts to a powerful aquatic tail in water.


Message History

There was something very wrong with that liquid.
You feel weakened.
You feel dopey.
You feel clumsy.
The giant cockroach bites you but does no damage.
It was a potion of cancellation.
You feel magically purged. You block the giant cockroach's attack.
The worm bites you!
You hit the worm. You burn the worm.
The worm is moderately wounded.
The giant cockroach bites you but does no damage.
The worm completely misses you.
You hit the worm. You burn the worm.
The worm is heavily wounded.
The giant cockroach bites you but does no damage.
You hit the worm. You burn the worm.
The worm is almost dead.
The giant cockroach bites you but does no damage.
The worm barely misses you. You block the giant cockroach's attack.
You hit the worm. You burn the worm.
You kill the worm!
You block the giant cockroach's attack.
The giant cockroach bites you but does no damage.
You hit the giant cockroach. You burn the giant cockroach.
You kill the giant cockroach!
You see here a wand of paralysis (13).
l - a wand of paralysis (21) (gained 13 charges)
You hit the dart slug. You burn the dart slug.
The dart slug is almost dead.
The dart slug bites you.
You hit the dart slug. You burn the dart slug.
You kill the dart slug!
You hit the ogre. You burn the ogre.
The ogre is lightly wounded.
The ogre hits you with a +0 giant spiked club!
You hit the ogre. You burn the ogre.
The ogre is moderately wounded.
The ogre barely misses you.
You hit the ogre. You burn the ogre.
The ogre is heavily wounded.
The ogre hits you with a +0 giant spiked club!!
Ouch! That really hurt!
You die...

#.#########>...O....[.
#.# ##..#.##########
#.#####...Z.#... .....
#.##....###O#.# ...##
#.......#!#..o# ...#
#####.###.###.###...#
#...#.†...#...#...##
#.###.###.###.#.....
###.#@Oo# #........#.#
#...###.# #w###.......
#.#...#.....#...##.#.#
#.##..###.###.#.# ....
#.# ....#)#...#.# #.#
#.# .##.# #.. #.# ...
#.# .# .....# #.# ..
#.# .# #######.# ##
#.# .# ........#####.


You could see an ogre and an orc.

Vanquished Creatures
  A scorpion (D:4)
  A water moccasin skeleton (D:4)
  A howler monkey (D:4)
  A hound (D:4)
  A centaur skeleton (D:4)
  2 orc priests (D:3)
  A hound skeleton (D:4)
  4 adders
  2 white imps
  An ufetubus (D:3)
  4 worms
  2 dart slugs (D:4)
  3 orcs
  4 bats
  6 endoplasms
  5 giant cockroaches
  6 goblins
  6 hobgoblins
  3 jackals (D:3)
  2 quokkas
  3 ball pythons
  3 frilled lizards
  3 goblin skeletons (D:3)
  3 hobgoblin zombies (D:3)
  6 kobolds
  A kobold skeleton (D:3)
  2 kobold zombies (D:3)
  5 rats
82 creatures vanquished.

Vanquished Creatures (others)
  259 foxfires
259 creatures vanquished.

Grand Total: 341 creatures vanquished

Notes
Turn   | Place    | Note
-------+----------+-------------------------------------------
     0 | D:1      | mcsplat the Merfolk Wanderer began the quest for the Orb.
     0 | D:1      | mcsplat set off with the following items: a +0 dagger, a +0
                  | robe, a potion of curing; and the following spell
                  | memorised: Foxfire; and the following spells available to
                  | memorise: Passwall, Wereblood, Conjure Flame, Inner Flame,
                  | Sticky Flame, Fireball
     0 | D:1      | Reached XP level 1. HP: 16/16 MP: 2/2
    27 | D:1      | Reached skill level 3 in Fire Magic
    53 | D:1      | Found a faded altar of an unknown god.
    62 | D:1      | Got Plato's Collected Works on Attacks
   365 | D:1      | Reached XP level 2. HP: 7/22 MP: 0/3
   384 | D:1      | HP: 1/22 [giant cockroach (1)]
  1321 | D:1      | Identified a scroll of acquirement
  1322 | D:1      | Acquired a +1 pair of gloves of strength
  1410 | D:2      | Reached skill level 1 in Conjurations
  1426 | D:2      | Reached XP level 3. HP: 25/27 MP: 1/5
  2353 | D:3      | Reached XP level 4. HP: 33/33 MP: 7/7
  2798 | D:3      | Found a sparkling altar of Nemelex Xobeh.
  2874 | D:3      | Found a glowing golden altar of the Shining One.
  2936 | D:3      | Became a worshipper of the Shining One
  2972 | D:3      | Found Zin's Purification Station.
  2975 | D:3      | Found a glowing silver altar of Zin.
  3142 | D:3      | Reached XP level 5. HP: 38/38 MP: 8/8
  3154 | D:3      | Reached skill level 1 in Shields
  3945 | D:3      | Found a hide-covered altar of Uskayaw.
  4238 | D:4      | Reached XP level 6. HP: 44/44 MP: 10/10
  4242 | D:4      | Found a hazy altar of Hepliaklqana.
  4272 | D:4      | Found a staircase to the Ecumenical Temple.
  4431 | D:4      | Found a white marble altar of Elyvilon.
  4729 | D:4      | Reached skill level 4 in Fire Magic
  4773 | D:4      | Mangled by an ogre

Illustrated notes

Levels and vault maps discovered:
D:1:      amcnicky_arrival_underground_garden, layout_loops_cross,
          shapermc_ecumenical_altar_rom_forum
D:2:      layout_basic
D:3:      layout_basic, lemuel_coloured_pillars_altar, zin_purify,
          mainiacjoe_overflow_tiny_flanked, nicolae_tso_besieged_by_evil,
          serial_aquarium, aquarium_bridge_island_small
          [aquarium_subvault_small_open, aquarium_subvault_bridge,
          aquarium_subvault_wall, aquarium_subvault_bridge,
          aquarium_subvault_bridge], aquarium_bridge_square
          [aquarium_subvault_wall, aquarium_subvault_wall,
          aquarium_subvault_bridge, aquarium_subvault_window],
          aquarium_window_corridor_3, aquarium_window_fake, aquarium_window_1,
          aquarium_view_2c, aquarium_view_2c, aquarium_pool_side
D:4:      minmay_chambers_of_threes, layout_basic,
          mainiacjoe_overflow_surrounded_room, elyvilon_altar_4,
          minmay_temple_entry_steel_oval, serial_co_window_serial,
          co_window_paths_a, co_window_of_opportunity_a, co_window_corner_a,
          co_window_cross_1, co_window_paths_b, co_window_broadway_c,
          co_window_broadway_b, co_window_broadway_b, glass_columns_b,
          glass_columns_a, glass_columns_b, glass_columns_b,
          gup_sewer_entry_spiral, minmay_quantized

Skill      XL: |  1  2  3  4  5  6 |
---------------+-------------------+-----
Fire Magic     | 3 4 |  4.0
Conjurations   | 1 2 |  2.7
Spellcasting   | 2 3 |  3.3
Shields        | 1 2 |  2.3
Fighting       | |  2.1
Long Blades    | |  1.1
Armour         | |  0.3
Stealth        | |  1.1
Evocations     | |  1.0

Action                   |  1- 3 |  4- 6 || total
-------------------------+-------+-------++-------
Melee: Staff             |    21 |       ||    21
       Dagger            |    28 |    48 ||    76
 Cast: Foxfire           |    45 |   111 ||   156
Evoke: Wand              |     1 |       ||     1
  Use: Scroll            |     4 |     5 ||     9
       Potion            |       |     3 ||     3
 Stab: Sleeping          |     6 |       ||     6
       Paralysed         |     2 |       ||     2
Armor: Robe              |    13 |     2 ||    15
       Leather armour    |       |    31 ||    31
Dodge: Dodged            |    37 |    43 ||    80
Block: Buckler           |       |    12 ||    12
